 Dungeon Crawl Stone Soup version 0.24.0-13-gcf9b3192b9 (webtiles) character file.

Game seed: 5513715559387237375, levelgen mode: deterministic

580 IceCat the Ruffian (level 7, -6/56 HPs)
             Began as a Green Draconian Transmuter on Nov 6, 2019.
             Mangled by Grum
             ... wielding a -2 halberd
              (21 damage)
             ... on level 8 of the Dungeon.
             The game lasted 00:10:52 (4483 turns).

IceCat the Ruffian (Green Draconian Transmuter)     Turns: 4483, Time: 00:10:53

Health: -6/56      AC:  8    Str: 14    XL:     7   Next: 13%
Magic:  7/11       EV: 13    Int: 14    God:
Gold:   105        SH:  0    Dex: 11    Spells: 9/12 levels left

rFire    . . .     SeeInvis .     - Unarmed
rCold    . . .     Gourm    +   (no shield)
rNeg     . . .     Faith    .   (armour unavailable)
rPois    +         Spirit   .   (helmet restricted)
rElec    .         Reflect  .   k - +0 cloak
rCorr    .         Harm     .   u - +0 pair of gloves
MR       +....                  (no boots)
Stlth    +.........             p - amulet of the gourmand
HPRegen  0.18/turn              m - ring of protection from magic
MPRegen  0.12/turn              g - ring of poison resistance

@: no status effects
A: breathe noxious fumes, unfitting armour, poison resistance, cold-blooded, AC
+6
a: Breathe Noxious Fumes


You were on level 8 of the Dungeon.
You were completely stuffed.

You visited 1 branch of the dungeon, and saw 6 of its levels.

You collected 105 gold pieces.

Inventory:

Missiles
 a - 33 arrows
Armour
 k - a +0 cloak (worn)
 u - a +0 pair of gloves (worn)
Jewellery
 g - a ring of poison resistance (right hand)
 j - an uncursed amulet of the acrobat
 m - a ring of protection from magic (left hand)
 p - an amulet of the gourmand (around neck)
 t - an uncursed amulet of faith
Wands
 y - a wand of polymorph (5)
Scrolls
 d - 3 scrolls of identify
 e - 4 scrolls of remove curse
 h - a scroll of enchant weapon {unknown}
 i - 2 scrolls of magic mapping {unknown}
 l - a scroll of noise {unknown}
 n - 2 scrolls of enchant armour {unknown}
 q - a scroll of teleportation {unknown}
 v - a scroll of immolation
Potions
 b - 2 potions of heal wounds
 f - a potion of degeneration {unknown}
 o - a potion of brilliance {unknown}
 r - a potion of might {unknown}
 s - a potion of curing {unknown}
 w - 2 potions of lignification {unknown}
 x - a potion of haste {unknown}
 z - a potion of agility {unknown}
Comestibles
 c - 11 rations
 A - 2 chunks of flesh


   Skills:
 + Level 2.7 Fighting
 + Level 3.2 Dodging
 - Level 0.5 Stealth
 * Level 5.3 Unarmed Combat
 + Level 3.2 Spellcasting
 * Level 4.0 Transmutations


You had 9 spell levels left.
You knew the following spells:

 Your Spells              Type           Power        Failure   Level  Hunger
a - Beastly Appendage     Tmut           ##....       4%          1    #......
b - Sticks to Snakes      Tmut           ##......     6%          2    ##.....

Your spell library contained the following spells:

 Spells                   Type           Power        Failure   Level  Hunger
 Spider Form              Tmut/Pois      #.........   26%         3    ###....
 Ice Form                 Ice/Tmut       #.......     65%         4    #####..
 Blade Hands              Tmut           ##........   73%         5    ######.


Dungeon Overview and Level Annotations

Branches:
Dungeon (8/15)
 Temple: D:4-7         Lair: D:8-11

Altars:
Dithmenos
Gozag
Hepliaklqana
Kikubaaqudgha
Ru
Yredelemnul

Annotations:
D:8 Grum


Innate Abilities, Weirdness & Mutations

You can breathe blasts of noxious fumes.
Your lurid green scales are hard. (AC +6)
You cannot fit into any form of body armour.
Your system is resistant to poisons. (rPois)
You are cold-blooded and may be slowed by cold attacks.


Message History

Your ball python bites Grum but does no damage.
Your ball python closely misses Grum.
Grum barely misses you.
You punch Grum!
Grum is moderately wounded.
Your ball python barely misses Grum.
Your ball python grabs Grum.
Your ball python constricts Grum.
Grum hits you with a -2 halberd.
* * * LOW HITPOINT WARNING * * *
You hit Grum. You tail-slap Grum.
Grum is heavily wounded.
Your ball python bites Grum but does no damage.
Your ball python constricts Grum.
You hit Grum. You tail-slap Grum.
Grum is heavily wounded.
Your ball python bites Grum.
Your ball python constricts Grum.
Grum hits you but does no damage.
You hit Grum.
Grum is severely wounded.
Your ball python bites Grum.
Your ball python constricts Grum.
Grum hits you with a -2 halberd!!
You die...

#.####.....###..(.##.#
.........#...........#
........##.###.#..#..#
.....................#
#.#......#......<.#..
#
#......#.###........#
#......#........#..##
........g####....# .#
.........S@S##...... #
#....####.####.......
.... #.# #........ ...
#.# #.....#.. .. ...
#.# #.# #.


You could see Grum and 2 friendly ball pythons.

Vanquished Creatures
  An ice beast (D:8)
  2 bullfrogs
  A howler monkey (D:8)
  A bullfrog skeleton (D:2)
  An iguana (D:3)
  3 worker ants (D:8)
  Ijyb (D:3)
  Robin (D:3)
  3 adders
  A howler monkey skeleton (D:4)
  2 gnolls (D:8)
  4 worms
  A dart slug (D:1)
  2 leopard geckos
  A giant cockroach (D:2)
  16 goblins
  14 hobgoblins
  12 jackals
  5 kobolds
  3 quokkas
  A ball python (D:2)
  10 bats
  4 frilled lizards
  A quokka skeleton (D:4)
  12 rats
103 creatures vanquished.

Notes
Turn   | Place    | Note
-------+----------+-------------------------------------------
     0 | D:1      | IceCat the Draconian Transmuter began the quest for the
                  | Orb.
     0 | D:1      | Reached XP level 1. HP: 16/16 MP: 3/3
   558 | D:1      | Reached XP level 2. HP: 22/23 MP: 5/5
  1189 | D:1      | Reached XP level 3. HP: 28/28 MP: 6/6
  1438 | D:2      | Found a sacrificial altar of Ru.
  1915 | D:2      | Reached skill level 4 in Unarmed Combat
  1915 | D:2      | Reached XP level 4. HP: 29/35 MP: 5/7
  2430 | D:2      | Found an opulent altar of Gozag.
  2495 | D:2      | Found a faded altar of an unknown god.
  2600 | D:2      | Found a shadowy altar of Dithmenos.
  2842 | D:3      | Learned a level 2 spell: Sticks to Snakes
  3009 | D:3      | Noticed Ijyb
  3022 | D:3      | Noticed Robin
  3062 | D:3      | Reached XP level 5. HP: 31/40 MP: 7/9
  3258 | D:4      | Found a basalt altar of Yredelemnul.
  3343 | D:4      | Found an ancient bone altar of Kikubaaqudgha.
  3530 | D:3      | Killed Robin
  3563 | D:3      | Killed Ijyb
  3842 | D:3      | Found a hazy altar of Hepliaklqana.
  4060 | D:4      | You fall into a shaft and drop 3 floors!
  4071 | D:7      | Noticed an ogre
  4074 | D:7      | Reached XP level 6. HP: 46/48 MP: 10/10
  4163 | D:8      | Reached skill level 5 in Unarmed Combat
  4267 | D:8      | Noticed an ice beast
  4280 | D:8      | HP: 1/50 [ice beast (7)]
  4281 | D:8      | Killed an ice beast
  4281 | D:8      | Your scales start taking on a lurid green colour.
  4281 | D:8      | Reached XP level 7. HP: 1/56 MP: 11/11
  4281 | D:8      | Gained mutation: Your system is resistant to poisons.
                  | (rPois) [Green Draconian growth]
  4475 | D:8      | Noticed Grum
  4483 | D:8      | Mangled by Grum

Levels and vault maps discovered:
D:1:      dpeg_arrival_ratfight, layout_basic, chequers_serial_rivers_small_3
D:2:      layout_loops_ring, nicolae_ru_sacrificial_ziggurat, marbit_many_paths,
          nicolae_overflow_hidden_temple, first_ration,
          chequers_ecumenical_altar_grove
D:3:      layout_basic, lemuel_coloured_pillars_altar, uniq_robin, uniq_ijyb
D:4:      layout_gridville, old_standard_altar, lemuel_doored_altar
D:7:      layout_cave_pools, uniq_crazy_yiuf_cottage
D:8:      layout_basic, serial_shops, nicolae_shop_stone, uniq_grum, uniq_erica

Skill      XL: |  1  2  3  4  5  6 |
---------------+-------------------+-----
Dodging        | 2 3 |  3.2
Unarmed Combat | 4 5 |  5.3
Transmutations | 3 4 |  4.0
Fighting       | 2 |  2.7
Spellcasting   | 3 |  3.2
Stealth        | |  0.5

Action                   |  1- 3 |  4- 6 |  7- 9 || total
-------------------------+-------+-------+-------++-------
Melee: Unarmed           |   170 |   264 |    16 ||   450
       Tailslap          |    16 |    25 |     2 ||    43
       Kick              |     1 |    11 |       ||    12
       Headbutt          |     2 |     7 |       ||     9
       Punch             |     1 |     2 |       ||     3
 Cast: Beastly Appendage |     9 |    13 |       ||    22
       Sticks to Snakes  |       |     2 |     2 ||     4
  Use: Scroll            |       |     2 |       ||     2
       Potion            |       |     1 |       ||     1
 Stab: Sleeping          |     2 |     3 |       ||     5
  Eat: Chunk             |    10 |    17 |     1 ||    28
Armor: Skin              |    52 |    86 |     2 ||   140
Dodge: Dodged            |   109 |   169 |     8 ||   286
